 Dungeon Crawl Stone Soup version 0.21.1-1-g345015f (webtiles) character file.

1047 Mirai the Cutter (level 8, 0/61 HPs)
             Began as a Demonspawn Fighter on Mar 15, 2018.
             Was an Initiate of Okawaru (penitent).
             Slain by a tengu warrior
             ... wielding a +0 great mace
             ... led by the fury of Okawaru
              (7 damage)
             ... on level 8 of the Dungeon.
             The game lasted 00:14:54 (4268 turns).

Mirai the Cutter (Demonspawn Fighter)               Turns: 4268, Time: 00:14:54

Health: 0/61       AC:  7    Str: 19    XL:     8   Next: 5%
Magic:  8/8        EV: 11    Int:  9    God:    Okawaru [*]
Gold:   17         SH: 10    Dex: 20    Spells: 7/7 levels left

rFire    . . .     SeeInvis .   s - +3 rapier (freeze)
rCold    + . .     Gourm    .   c - +0 shield
rNeg     . . .     Faith    .   u - +2 robe {MR+}
rPois    .         Spirit   .   v - +1 helmet
rElec    .         Reflect  .   b - +0 cloak
rCorr    .         Harm     .   (no gloves)
MR       +....                  (no boots)
Stlth    +++.......             z - amulet of regeneration
HPRegen  0.60/turn              j - +5 ring of dexterity
MPRegen  0.11/turn              q - ring of protection from cold

@: no status effects
A: talons 1, thin skeletal structure 1, demonic guardian 1, spiny 2
a: Renounce Religion


You were on level 8 of the Dungeon.
You worshipped Okawaru.
Okawaru was demanding penance.
You were hungry.

You visited 2 branches of the dungeon, and saw 9 of its levels.

You collected 281 gold pieces.
You spent 264 gold pieces at shops.

Inventory:

Hand Weapons
 a - a +0 rapier
 s - a +3 rapier of freezing (weapon)
 w - a +3 dagger of speed
Missiles
 i - 5 javelins of returning (quivered)
Armour
 b - a +0 cloak (worn)
 c - a +0 shield (worn)
 u - a +2 robe of magic resistance (worn)
 v - a +1 helmet (worn)
Jewellery
 j - a +5 ring of dexterity (left hand)
 l - an uncursed ring of resist corrosion
 q - a ring of protection from cold (right hand)
 x - an uncursed ring of positive energy
 z - an amulet of regeneration (around neck)
Wands
 m - a wand of polymorph (11)
 r - a wand of flame (32)
 t - a wand of random effects (31)
Scrolls
 d - a scroll of blinking
 k - a scroll of teleportation
 p - a scroll of enchant armour
Potions
 e - a potion of heal wounds {unknown}
 g - a potion of lignification {unknown}
 h - 2 potions of invisibility {unknown}
 n - 3 potions of flight {unknown}
 o - a potion of agility {unknown}
Comestibles
 f - 10 rations


   Skills:
 * Level 4.5 Fighting
 * Level 5.2 Short Blades
 + Level 3.9 Armour
 * Level 2.9 Dodging
 * Level 3.3 Stealth
 + Level 3.9 Shields


You had 7 spell levels left.
You didn't know any spells.

Dungeon Overview and Level Annotations

Branches:
Dungeon (8/15)             Temple (1/1) D:4
   Lair: D:8-11

Altars:
Cheibriados
Okawaru
Trog
Vehumet
Xom
Yredelemnul
The Shining One

Shops:
D:5 ?(

Annotations:
D:3 2 transporters


Innate Abilities, Weirdness & Mutations

You have sharp toenails.
You have a somewhat thin skeletal structure. (Dex +2, Stealth)
A weak demonic guardian rushes to your aid.
You are mostly covered in sharp spines.


Message History

There is a stone staircase leading down here.
You block the tengu warrior's attack. The tengu warrior pecks you.
* * * LOW HITPOINT WARNING * * *
The tengu warrior claws you.
* * * LOW HITPOINT WARNING * * *
Your white imp closely misses the tengu warrior.
You climb downwards.
Found 21 stones, a scroll labeled TUEBIFROXE and a ration.
Found a stone staircase leading up.
There is a stone staircase leading up here.
You barely miss the tengu warrior. You claw the tengu warrior.
The tengu warrior is lightly wounded.
You block the tengu warrior's attack. The tengu warrior pecks you.
* * * LOW HITPOINT WARNING * * *
You block the tengu warrior's attack.
Unknown command.
You closely miss the tengu warrior. Your kick misses the tengu warrior.
The tengu warrior is lightly wounded.
The tengu warrior hits you with a great mace!
You die...

....#
...# ...#
..# ...
#.# #%#
#@#
#######Q#
....<..<#
....(..##
...?...
+######


You could see a tengu warrior.

Vanquished Creatures
  Duvessa (D:6)
  An ice beast (D:5)
  2 ogres (D:4)
  The ghost of buskinjo the Conjurer, an amateur DsFE (D:3)
  Dowan (D:6)
  A centaur zombie (D:5)
  2 hounds (D:5)
  A bullfrog skeleton (D:6)
  An orc priest (D:3)
  A centaur skeleton (D:4)
  An orc wizard (D:3)
  Natasha (D:2)
  2 worker ants (D:4)
  Robin (D:2)
  3 adders
  9 gnolls
  2 oozes
  2 worms (D:2)
  2 dart slugs (D:2)
  5 leopard geckos
  6 orcs
  A ball python (D:3)
  8 giant cockroaches
  11 hobgoblins
  16 jackals
  9 kobolds
  2 quokkas (D:3)
  8 bats
  3 frilled lizards
  7 goblins
  A rat (D:1)
112 creatures vanquished.

Vanquished Creatures (collateral kills)
  Crazy Yiuf (D:5)
  Ijyb (D:5)
  Natasha (twice) (D:2)
  A gnoll (D:7)
  5 goblins (D:2)
10 creatures vanquished.

Grand Total: 122 creatures vanquished

Notes
Turn   | Place    | Note
-------+----------+-------------------------------------------
     0 | D:1      | Mirai the Demonspawn Fighter began the quest for the Orb.
     0 | D:1      | Reached XP level 1. HP: 18/18 MP: 1/1
    81 | D:1      | Gained mutation: You have sharp toenails. [demonic ancestry]
    81 | D:1      | Reached XP level 2. HP: 18/24 MP: 2/2
   246 | D:1      | Reached skill level 2 in Short Blades
   532 | D:1      | Reached XP level 3. HP: 26/29 MP: 3/3
   818 | D:2      | Reached skill level 1 in Stealth
  1268 | D:2      | Reached skill level 1 in Dodging
  1278 | D:2      | Gained mutation: A weak demonic guardian rushes to your aid. [demonic ancestry]
  1278 | D:2      | Reached XP level 4. HP: 35/35 MP: 4/4
  1482 | D:2      | Noticed Robin
  1510 | D:2      | Killed Robin
  1654 | D:2      | Noticed Natasha
  1657 | D:2      | Killed Natasha
  1849 | D:2      | Noticed Natasha
  1855 | D:2      | Killed Natasha
  1855 | D:2      | Reached skill level 3 in Short Blades
  1855 | D:2      | Gained mutation: You are partially covered in sharp spines. [demonic ancestry]
  1855 | D:2      | Reached XP level 5. HP: 39/41 MP: 5/5
  1918 | D:2      | Noticed Natasha
  1927 | D:2      | Killed Natasha
  1970 | D:3      | Found a transporter.
  1980 | D:3      | Found a transporter.
  2363 | D:3      | Noticed buskinjo's ghost (amateur DsFE)
  2392 | D:3      | Reached XP level 6. HP: 34/48 MP: 6/6
  2408 | D:3      | Killed buskinjo's ghost
  2709 | D:4      | Reached skill level 4 in Short Blades
  2862 | D:4      | Gained mutation: You are mostly covered in sharp spines. [demonic ancestry]
  2862 | D:4      | Reached XP level 7. HP: 41/54 MP: 7/7
  2899 | D:4      | Found a staircase to the Ecumenical Temple.
  2903 | Temple   | Entered the Ecumenical Temple
  2924 | Temple   | Became a worshipper of Warmaster Okawaru
  3362 | D:5      | Entered Level 5 of the Dungeon
  3474 | D:5      | Found a shimmering altar of Xom.
  3559 | D:5      | Noticed Ijyb
  3573 | D:5      | Was placed under penance by Okawaru
  3597 | D:5      | Killed Ijyb
  3811 | D:5      | Found a runed door.
  3815 | D:5      | Noticed Crazy Yiuf
  3826 | D:5      | Killed Crazy Yiuf
  3921 | D:5      | Found Plog's Antique Weapon Boutique.
  3937 | D:5      | Bought a runed rapier for 182 gold pieces
  4032 | D:5      | Found Puar's Magic Scroll Shoppe.
  4035 | D:5      | Bought a scroll of blinking for 82 gold pieces
  4168 | D:6      | Noticed Duvessa
  4168 | D:6      | Noticed Dowan
  4182 | D:6      | Killed Duvessa
  4182 | D:6      | Reached skill level 5 in Short Blades
  4185 | D:6      | Killed Dowan
  4185 | D:6      | Gained mutation: You have a somewhat thin skeletal structure. (Dex +2, Stealth) [demonic ancestry]
  4185 | D:6      | Reached XP level 8. HP: 60/61 MP: 8/8
  4215 | D:6      | Noticed an orc knight
  4215 | D:6      | Noticed a troll
  4256 | D:7      | Noticed a tengu warrior
  4256 | D:7      | Noticed a tengu warrior
  4256 | D:7      | Noticed a cyclops
  4268 | D:8      | Slain by a tengu warrior

Skill      XL: |  1  2  3  4  5  6  7 |
---------------+----------------------+-----
Short Blades   | 2 3 4 5 |  5.2
Stealth        | 1 2 3 |  3.3
Shields        | 3 |  3.9
Armour         | 3 |  3.9
Dodging        | 1 2 |  2.9
Fighting       | 4 |  4.5

Action                   |  1- 3 |  4- 6 |  7- 9 || total
-------------------------+-------+-------+-------++-------
Melee: Rapier            |   123 |    39 |    15 ||   177
       Kick              |    24 |    46 |    31 ||   101
       Dagger            |       |   131 |    71 ||   202
       Unarmed           |       |       |     8 ||     8
  Use: Potion            |       |     1 |     2 ||     3
       Scroll            |       |     5 |     4 ||     9
 Stab: Confused          |       |       |     2 ||     2
       Sleeping          |       |       |     1 ||     1
  Eat: Chunk             |     1 |     5 |     4 ||    10
Armor: Scale mail        |    48 |    43 |     1 ||    92
       Leather armour    |       |       |     9 ||     9
       Skin              |       |       |     1 ||     1
Dodge: Dodged            |    40 |    44 |    37 ||   121
Block: Shield            |    59 |    78 |    20 ||   157
       Buckler           |       |     3 |     1 ||     4
